 Dungeon Crawl Stone Soup version 0.30-a0-12-gd8047c6341 (webtiles) character file.

Game seed: 5076607482555003071

10035 IdlyInterested the Geomancer (level 11, -3/69 HPs)
             Began as a Demonspawn Wanderer on Aug 23, 2022.
             Was a Follower of Hepliaklqana.
             Engulfed by an ice statue's freezing vapour (4 damage)
             ... on level 9 of the Dungeon.
             The game lasted 00:47:16 (11057 turns).

IdlyInterested the Geomancer (Demonspawn Wanderer) Turns: 11057, Time: 00:47:16

Health: -3/69      AC: 11    Str: 17    XL:     11   Next: 30%
Magic:  15/17      EV: 18    Int: 28    God:    Hepliaklqana [*.....]
Gold:   912        SH: 11    Dex: 26    Spells: 11/18 levels left

rFire   . . .      SeeInvis .    m - +2 dagger (elec)
rCold   . . .      Faith    .    t - +0 buckler
rNeg    . . .      Spirit   .    G - +4 robe of Augmentation {Str+4 Int+4 Dex+4}
rPois   +          Reflect  +    (no helmet)
rElec   .          Harm     .    i - +2 cloak {Stlth+}
rCorr   .          Rampage  .    (no gloves)
Will    .....                    (boots unavailable)
Stlth   ++++......               s - amulet of the Wild Haggis {Reflect Contam Int+4 Dex+6 SH+5}
HPRegen 0.21/turn                r - ring of poison resistance
MPRegen 0.15/turn                v - +6 ring of dexterity

@: mighty, agile
A: reduced essence, hooves 3, thin metallic scales 1, powered by pain 1, demonic
magic 2
a: Renounce Religion, Recall Ancestor, Ancestor Identity


You were on level 9 of the Dungeon.
You worshipped Hepliaklqana.
Hepliaklqana was aware of your devotion.
You visited 2 branches of the dungeon, and saw 10 of its levels.
You also visited: Bailey.

You collected 1809 gold pieces.
You spent 897 gold pieces at shops.

Inventory:

Hand Weapons
 e - a +1 dagger of venom
 m - a +2 dagger of electrocution (weapon)
 w - a +1 vampiric dagger
 J - a +0 rapier
 M - a +2 dagger
 O - the +12 long sword "Fesifab" {flame, rF+++ rN+ Str+4 Int-2}
   (You found it on level 7 of the Dungeon)

   It burns those it strikes, dealing additional fire damage.
   Big, fiery blades are also staple armaments of hydra-hunters.
   Str:       It affects your strength (+4).
   Int:       It affects your intelligence (-2).
   rF:        It renders you almost immune to fire.
   rN:        It protects you from negative energy.
Missiles
 p - 33 poisoned darts
 z - 6 curare-tipped darts
 P - 3 boomerangs
Armour
 g - an orb of wrath
 i - a +2 cloak of stealth (worn)
 t - a +0 buckler (worn)
 G - the +4 robe of Augmentation (worn) {Str+4 Int+4 Dex+4}
   (You found it on level 6 of the Dungeon)

   Str:       It affects your strength (+4).
   Int:       It affects your intelligence (+4).
   Dex:       It affects your dexterity (+4).
Jewellery
 k - a +4 ring of protection
 n - a ring of see invisible
 r - a ring of poison resistance (left hand)
 s - the amulet of the Wild Haggis (around neck) {Reflect Contam Int+4 Dex+6 SH+5}
   (You found it on level 3 of the Dungeon)

   [amulet of reflection]

   It reflects blocked missile attacks.
   Int:       It affects your intelligence (+4).
   Dex:       It affects your dexterity (+6).
   Contam:    It causes magical contamination when unequipped.
   SH:        It affects your SH (+5).
 v - a +6 ring of dexterity (right hand)
Wands
 d - a wand of acid (13)
 o - a wand of flame (23)
 L - a wand of mindburst (18)
 Q - a wand of polymorph (5)
Scrolls
 c - a scroll of butterflies
 f - 4 scrolls of teleportation
 h - 3 scrolls of poison
 y - 2 scrolls of immolation
 A - 2 scrolls of blinking
 F - a scroll of enchant weapon
 H - 2 scrolls of magic mapping
 N - a scroll of amnesia
Potions
 a - 2 potions of heal wounds
 b - 2 potions of might
 j - 4 potions of lignification {unknown}
 l - 10 potions of curing
 q - 2 potions of magic
 u - 3 potions of haste
 x - a potion of berserk rage {unknown}
 B - a potion of experience {unknown}
 C - a potion of invisibility
 D - 4 potions of mutation {unknown}
 E - 3 potions of attraction {unknown}
 I - a potion of brilliance {unknown}
 K - a potion of flight


   Skills:
 - Level 4.0 Fighting
 * Level 8.8 Short Blades
 - Level 1.0 Throwing
 - Level 4.0 Armour
 - Level 2.0 Dodging
 - Level 4.0 Stealth
 - Level 4.0 Shields
 + Level 4.4 Spellcasting
 * Level 6.4 Conjurations
 - Level 1.0 Summonings
 - Level 1.0 Necromancy
 - Level 1.0 Translocations
 - Level 1.0 Ice Magic
 - Level 9.0 Earth Magic
 - Level 1.0 Poison Magic
 + Level 0.1 Invocations
 - Level 1.0 Evocations


You had 11 spell levels left.
You knew the following spells:

 Your Spells              Type           Power      Damage    Failure   Level
a - Sandblast             Erth           100%       2d20      1%          1
b - Stone Arrow           Conj/Erth      98%        3d13      1%          3
c - Mephitic Cloud        Conj/Pois/Air  20%        N/A       10%         3

Your spell library contained the following spells:

 Spells                   Type           Power      Damage    Failure   Level
 Magic Dart               Conj           100%       1d8       1%          1
 Apportation              Tloc           22%        N/A       6%          1
 Necrotise                Necr           44%        1d6       6%          1
 Summon Small Mammal      Summ           44%        N/A       6%          1
 Dazzling Flash           Conj/Hex       48%        N/A       7%          3
 Call Imp                 Summ           11%        N/A       9%          2
 Animate Armour           Summ/Erth      68%        N/A       12%         4
 Teleport Other           Tloc           11%        N/A       19%         3
 Iskenderun's Mystic Bla  Conj/Tloc      27%        2d7       19%         4
 Olgreb's Toxic Radiance  Pois           11%        N/A       52%         4
 Starburst                Conj/Fire      12%        6d5       98%         6
 Ozocubu's Refrigeration  Ice            5%         4d8       100%        7
 Ignition                 Fire           3%         3d4       100%        8


Dungeon Overview and Level Annotations

Branches:
Dungeon (9/15)             Temple (1/1) D:6          Bailey (visited)
   Lair: D:8-11         Orc: D:9-12

Altars:
Ashenzari
Cheibriados
Dithmenos
Fedhas
Gozag
Hepliaklqana
Kikubaaqudgha
Makhleb
Nemelex Xobeh
Okawaru
Qazlal
Ru
Sif Muna
Trog
Uskayaw
Vehumet
Wu Jian
Xom
Yredelemnul

Shops:
D:2 :(   D:6 *

Annotations:
D:9 1 transporter, exclusion: ice statue


Innate Abilities, Weirdness & Mutations

Your life essence is reduced to manifest your ancestor. (-10% HP)
You have hooves in place of feet.
You are partially covered in thin metallic scales. (AC +2)
You sometimes gain a little power by taking damage.
Spells you cast may paralyse nearby enemies.


Message History

The centaur warrior hits you with a +0 quarterstaff.
You block the centaur warrior's attack. You block the orc warrior's attack.
Aiming: Sandblast (safe; 1% risk of failure)
Press: ? - help, Q - select action, (/) - cycle Shift-Dir - straight line, f/p - centaur warrior
Aim: a centaur warrior, wielding a +0 quarterstaff (89% to hit)
The blast of sand hits the centaur warrior!!
The centaur warrior is moderately wounded.
Malevolent energies surge around you.
The orc warrior suddenly stops moving!
The centaur warrior suddenly stops moving!
The ice statue glitters chillingly in the dim dungeon light.
The helpless centaur warrior fails to defend itself.
You perforate the centaur warrior like a sieve!!!!
You kill the centaur warrior!
Training target 2.0 for Dodging reached!
Your Dodging skill increases to level 2!
The helpless orc warrior fails to defend itself.
You perforate the orc warrior like a sieve!!!
Lightning courses through the orc warrior!!
You kill the orc warrior!
Aula emerges from the mists of memory!
The ice statue gestures at you.
The freezing blast engulfs something!!
Reactivating autopickup.
Aiming: Sandblast (safe; 1% risk of failure)
Press: ? - help, Q - select action, (/) - cycle Shift-Dir - straight line, f - ice beast
Aim: an ice beast (freezing vapour, summoned, ally target, 85% to hit)
The blast of sand hits the ice beast.
The ice beast is lightly wounded.
Malevolent energies surge around you.
The ice beast suddenly stops moving! x2
You are engulfed in freezing vapours.
* * * LOW HITPOINT WARNING * * *
You focus on the pain.
You feel mightier all of a sudden.
The ice beast is no longer paralysed.
The helpless ice beast fails to defend itself.
You skewer the ice beast like a kebab!!!!
You kill the ice beast!
The ice beast disappears in a puff of smoke!
You are engulfed in freezing vapours.
You die...

##.[))........# ##...©...#.##
#.############ ##..#####...# #.#
##..##.©9##..## #.#
##..##.###c##..## #.#
##..##○....$.##..##
#.############..##8°~....h8##..#
#.##...........##Y°#.###h#~.##..
#.##.#######..##○Y°°##..#./..##.
#.##.# #..#@#..##oh.##)9#W#.
##.##.# #..#R#W.#YFh..#~.#F#.
......# #..#.#..##9l.##K.#h#.
......# #..##..~$##}##...W##.
#...#.# #...##~.#.##.$#.c##..
##.##.#######....##8..$.$.c8##...
#.##..........#..##~$.....##..##
#.###########.##..##.###.##..##
##'## ##.###..##.9c##..##


You could see the friendly Aula the ancestor, an ice statue, a yak, a wraith, a
wyvern, a gargoyle, 2 ice beasts, a bullfrog and a howler monkey.

Vanquished Creatures
  A centaur warrior (D:9)
  The ghost of Adrian566 the Cleaver, a journeyman GrFi of Elyvilon (D:9)
  A two-headed ogre (Bailey)
  The ghost of Zeldest the Trooper, a novice OpAK of Lugonu (D:6)
  Maurice (D:8)
  A gargoyle (D:9)
  A kobold demonologist (D:9)
  Prince Ribbit (D:5)
  A shadow (D:6)
  4 spriggans (Bailey)
  A wyvern (D:9)
  9 yaks
  A steam dragon (Bailey)
  Menkaure (D:4)
  An acid dragon (D:6)
  A water moccasin (D:6)
  A sky beast (D:7)
  3 orc warriors (D:9)
  An ice beast (D:6)
  2 black bears
  6 ogres
  3 centaurs
  A phantom (D:7)
  5 kobold brigands
  6 bullfrogs
  Blork the orc (D:5)
  2 scorpions
  12 wights
  5 killer bees
  9 howler monkeys
  A hound (D:7)
  3 jellies
  5 orc priests
  4 iguanas
  5 orc wizards
  2 gnolls (D:9)
  3 adders
  A shadow imp (D:6)
  2 ufetubi (D:5)
  A worm (D:3)
  21 orcs
  6 bats
  4 endoplasms
  A giant cockroach (D:1)
  7 goblins
  8 hobgoblins
  21 jackals
  11 kobolds
  5 quokkas
  2 ball pythons
  2 frilled lizards (D:1)
  4 rats
203 creatures vanquished.

Vanquished Creatures (others)
  An ancestor (D:9)
  An orc wizard (D:9)
2 creatures vanquished.

Grand Total: 205 creatures vanquished

Notes
Turn   | Place    | Note
-------+----------+-------------------------------------------
     0 | D:1      | IdlyInterested the Demonspawn Wanderer began the quest for
                  | the Orb.
     0 | D:1      | IdlyInterested set off with the following items: a +0 club,
                  | a potion of might, a +0 robe, a +0 cloak; and the following
                  | spells available to memorise: Sandblast, Apportation, Stone
                  | Arrow, Teleport Other, Animate Armour.
     0 | D:1      | Reached XP level 1. HP: 15/15 MP: 3/3
   205 | D:1      | Learned a level 1 spell: Sandblast
   363 | D:1      | Gained mutation: You have large cloven feet. [demonic
                  | ancestry]
   363 | D:1      | Reached XP level 2. HP: 21/21 MP: 3/5
   536 | D:1      | Reached skill level 1 in Armour
   567 | D:1      | Found a faded altar of an unknown god.
   595 | D:1      | Got Plato's Secrets of Stolen Souls
  1165 | D:2      | Reached skill level 4 in Earth Magic
  1170 | D:2      | Reached XP level 3. HP: 20/26 MP: 0/6
  1238 | D:2      | Found Maqiclok's Book Shoppe.
  1413 | D:2      | Found Yggoz's Antique Weapon Boutique.
  1434 | D:2      | You fall into a shaft and drop 1 floor!
  1567 | D:3      | Found a basalt altar of Yredelemnul.
  1567 | D:3      | Found a sacrificial altar of Ru.
  2180 | D:3      | Gained mutation: You are partially covered in thin metallic
                  | scales. (AC +2) [demonic ancestry]
  2180 | D:3      | Reached XP level 4. HP: 29/32 MP: 3/7
  2308 | D:3      | Identified the amulet of the Wild Haggis {Reflect Contam
                  | Int+4 Dex+6 SH+5}
  3153 | D:4      | Found a bloodstained altar of Trog.
  3162 | D:4      | Gained mutation: You have hoof-like feet. [demonic
                  | ancestry]
  3162 | D:4      | Reached XP level 5. HP: 30/37 MP: 1/9
  3170 | D:4      | Reached skill level 1 in Evocations
  3480 | D:4      | Found Puffefou's Distillery.
  3549 | D:4      | Noticed Menkaure
  3554 | D:4      | Noticed a black bear
  3557 | D:4      | Killed Menkaure
  3558 | D:4      | Reached skill level 1 in Throwing
  3558 | D:4      | Reached skill level 5 in Earth Magic
  3558 | D:4      | Reached XP level 6. HP: 37/43 MP: 8/10
  4355 | D:4      | Bought a potion of heal wounds for 60 gold pieces
  4355 | D:4      | Bought 2 potions of curing for 72 gold pieces
  4378 | D:5      | Entered Level 5 of the Dungeon
  4527 | D:5      | Identified a scroll of acquirement
  4527 | D:5      | Acquired 1210 gold pieces
  4554 | D:5      | Reached skill level 1 in Translocations
  4554 | D:5      | Gained mutation: Spells you cast may paralyse adjacent
                  | enemies. [demonic ancestry]
  4554 | D:5      | Reached XP level 7. HP: 30/50 MP: 7/11
  4741 | D:5      | Reached skill level 6 in Earth Magic
  4957 | D:5      | Reached skill level 1 in Short Blades
  5288 | D:5      | Noticed Blork the orc
  5297 | D:5      | Killed Blork the orc
  5298 | D:5      | Reached skill level 1 in Conjurations
  5573 | D:5      | Noticed Prince Ribbit
  5577 | D:5      | Killed Prince Ribbit
  5578 | D:5      | Reached skill level 1 in Summonings
  5578 | D:5      | Gained mutation: You have hooves in place of feet. [demonic
                  | ancestry]
  5578 | D:5      | Reached XP level 8. HP: 58/58 MP: 8/12
  5935 | D:4      | Bought 2 potions of haste for 240 gold pieces
  5935 | D:4      | Bought a potion of curing for 36 gold pieces
  5935 | D:4      | Bought a potion of heal wounds for 60 gold pieces
  5935 | D:4      | Bought 2 potions of heal wounds for 120 gold pieces
  5935 | D:4      | Bought a potion of invisibility for 96 gold pieces
  5935 | D:4      | Bought a potion of might for 48 gold pieces
  6388 | D:6      | Found a staircase to the Ecumenical Temple.
  6417 | Temple   | Entered the Ecumenical Temple
  6627 | D:6      | Reached skill level 1 in Necromancy
  6657 | D:6      | Reached skill level 1 in Ice Magic
  6657 | D:6      | Reached skill level 1 in Poison Magic
  6699 | D:6      | Reached skill level 7 in Earth Magic
  6713 | D:6      | Found Hypuefer's Neck Hole.
  6755 | D:6      | Found a runed translucent gate.
  6758 | D:6      | Found a runed translucent gate.
  6758 | D:6      | Found a runed translucent gate.
  6758 | D:6      | Found an opulent altar of Gozag.
  6762 | D:6      | Noticed Zeldest's ghost (novice OpAK)
  6889 | D:6      | Learned a level 3 spell: Stone Arrow
  6897 | D:6      | Reached skill level 1 in Shields
  6985 | D:6      | Found the +4 robe of Augmentation {Str+4 Int+4 Dex+4}
  7137 | D:6      | Killed Zeldest's ghost
  7138 | D:6      | Reached XP level 9. HP: 63/63 MP: 8/13
  7232 | D:6      | Bought a +2 cloak for 165 gold pieces
  7364 | D:7      | Reached skill level 5 in Short Blades
  7364 | D:7      | Reached skill level 8 in Earth Magic
  7588 | D:7      | Identified the +12 long sword "Fesifab" {flame, rF+++ rN+
                  | Str+4 Int-2}
  7841 | D:7      | Learned a level 3 spell: Mephitic Cloud
  8153 | D:8      | Noticed Maurice
  8161 | D:8      | Killed Maurice
  8162 | D:8      | Reached skill level 9 in Earth Magic
  8445 | D:8      | Gained mutation: You sometimes gain a little power by
                  | taking damage. [demonic ancestry]
  8445 | D:8      | Reached XP level 10. HP: 70/70 MP: 9/14
  9014 | Temple   | Became a worshipper of Hepliaklqana the Forgotten
  9258 | D:9      | Found a flagged portal.
  9272 | Bailey   | Entered a bailey
  9708 | Bailey   | Noticed a two-headed ogre
  9716 | Bailey   | Killed a two-headed ogre
  9821 | Bailey   | Identified the +7 mace of Oxasirph {protect, rPois Str+3}
  9936 | D:9      | Reached skill level 5 in Conjurations
  9985 | D:9      | Noticed a gargoyle
  9988 | D:9      | Noticed a gargoyle
  9995 | D:9      | Noticed a centaur warrior
 10042 | D:9      | Found a transporter.
 10045 | D:9      | Found a transporter.
 10519 | D:9      | Gained mutation: Spells you cast may paralyse nearby
                  | enemies. [demonic ancestry]
 10519 | D:9      | Reached XP level 11. HP: 76/76 MP: 10/17
 10718 | D:9      | Noticed Adrian566's ghost (journeyman GrFi)
 10763 | D:9      | Reached * piety under Hepliaklqana
 11021 | D:9      | HP: 1/69 [Adrian566's ghost (20)]
 11046 | D:9      | Killed Adrian566's ghost
 11054 | D:9      | Killed a centaur warrior
 11056 | D:9      | HP: 1/69 [ice statue] (30)]
 11057 | D:9      | Engulfed by an ice statue's freezing vapour

Illustrated notes

Levels and vault maps discovered:
D:1:      minmay_arrival_four_houses, layout_loops_ring,
          shapermc_ecumenical_altar_rom_forum
D:2:      layout_rooms, serial_shops, shop_statue, shop
D:3:      layout_basic, nicolae_elyvilon_peaceful_grove,
          chequers_temple_overflow_statue_of_worship, nrook_uturn,
          kennysheep_cross_bottleneck
D:4:      layout_loops_ring, nicolae_overflow_crystal_walls, serial_shops,
          nicolae_shop_hallway_plus, uniq_menkaure
D:5:      layout_loops_corners, uniq_prince_ribbit1, uniq_blork_the_orc
D:6:      layout_loops_ring, minmay_temple_entry_mist, ebering_ghost_gozag,
          nicolae_shop_sticking_my_neck_out
D:7:      layout_cave_pools, minmay_fountain_box
D:8:      layout_loops_ring, uniq_maurice
D:9:      layout_loops_corners, nzn_ghost_randoct, enter_bailey_7
Temple:   regret_index_temple_mists

Skill      XL: |  1  2  3  4  5  6  7  8  9 10 11 |
---------------+----------------------------------+-----
Armour         | 1 2 3 4 |  4.0
Earth Magic    | 4 5 6 7 9 |  9.0
Evocations     | 1 |  1.0
Throwing       | 1 |  1.0
Spellcasting   | 3 4 |  4.4
Fighting       | 2 3 4 |  4.0
Translocations | 1 |  1.0
Short Blades   | 2 4 6 8 |  8.8
Conjurations   | 1 5 6 |  6.4
Summonings     | 1 |  1.0
Necromancy     | 1 |  1.0
Ice Magic      | 1 |  1.0
Poison Magic   | 1 |  1.0
Shields        | 2 3 4 |  4.0
Stealth        | 4 |  4.0
Dodging        | 2 |  2.0
Invocations    | |  0.1

Action                   |  1- 3 |  4- 6 |  7- 9 | 10-12 || total
-------------------------+-------+-------+-------+-------++-------
Melee: Club              |     9 |       |       |       ||     9
       Spear             |     3 |     9 |       |       ||    12
       Kick              |       |     2 |     8 |    20 ||    30
       Dagger            |       |       |    44 |    76 ||   120
 Cast: Sandblast         |    56 |    48 |    82 |    83 ||   269
       Stone Arrow       |       |       |     2 |     5 ||     7
  Use: Scroll            |     7 |     4 |     9 |     1 ||    21
       Potion            |       |     2 |       |     8 ||    10
 Stab: Sleeping          |       |     1 |     2 |     4 ||     7
       Paralysed         |       |       |    19 |    22 ||    41
Armor: Robe              |     9 |       |    27 |    23 ||    59
       Ring mail         |       |    14 |     7 |       ||    21
       Scale mail        |       |       |     5 |       ||     5
Dodge: Dodged            |    30 |    26 |    37 |    59 ||   152
Block: Orb               |       |     8 |    15 |       ||    23
       Buckler           |       |       |     8 |    66 ||    74
       Reflection        |       |       |     2 |     4 ||     6

Table legend: (Time is in decaauts)
 A = Elapsed time spent in this place.
 B = Non-inter-level travel time spent in this place.
 C = Inter-level travel time spent in this place.
 D = Time resting spent in this place.
 E = Time spent auto-exploring this place.
 F = Levels seen in this place.
 G = Mean time per level.
                   A        B        C        D        E       F      G
               +--------+--------+--------+--------+--------+-----+--------+
         Total |  11328 |   9656 |   1672 |   2181 |   5244 |  11 | 1029.8 |
       Dungeon |  10455 |   8831 |   1624 |   1775 |   5064 |   9 | 1161.7 |
        Temple |    252 |    205 |     47 |      0 |    179 |   1 |  252.0 |
        Bailey |    620 |    620 |      0 |    406 |      0 |   1 |  620.0 |
               +--------+--------+--------+--------+--------+-----+--------+

Top non-repeatable levels by time:
     D:5: 1545 daAuts
     D:3: 1536 daAuts
     D:4: 1491 daAuts
     D:9: 1274 daAuts
     D:1: 1173 daAuts
     D:8: 1057 daAuts
     D:6: 994 daAuts
     D:7: 809 daAuts
  Bailey: 620 daAuts
     D:2: 573 daAuts
  Temple: 252 daAuts
